AoeStats
← 已严肃退出多人局

Arabian Desert

510268647Analyzed
1v1 RM · 2d ago on Sep 30, 2026· 27m 5s· 2 players
Game mode
Random Map
Map size
Tiny (2 player)
Population
200
Speed
Normal
Resources
Standard
Victory
Conquest
Starting age
Dark Age
Ending age
Imperial Age
RankedLock teamsTeams togetherTeam positionsShared explorationLock speedFull tech treeHidden civsTurbo modeCheats
Victory
Defeat
🇭🇰 Poles · Hong Kong SAR China
2145
+11
🇯🇵 Jurchens · Japan
2043
-11
tomyam
6:16 Loom
8:43 Feudal Age
9:20 Double-Bit Axe
10:00 Horse Collar
14:58 Forging
16:55 Bloodlines
19:20 Scale Barding Armor
23:24 Castle Age
22:15 Fletching
23:25 Light Cavalry
24:05 Husbandry
24:13 Bodkin Arrow
已严肃退出多人局
5:21 Loom
8:13 Feudal Age
8:54 Double-Bit Axe
9:56 Horse Collar
14:55 Bloodlines
16:48 Forging
17:57 Scale Barding Armor
23:41 Castle Age
23:41 Light Cavalry
24:22 Husbandry
25:19 Wheelbarrow
25:36 Bow Saw
27:49 Chain Barding Armor
Connection lost

Rejoining the realm…

Still unreachable

The connection could not be restored.

Session expired

The server has moved on; the page needs a fresh start.